 Dungeon Crawl Stone Soup version 0.24-a0-536-gdd4cf15266 (webtiles) character file.

Game seed: 13346494491093962726

238 Peloso the Covered (level 5, 0/48 HPs)
             Began as a Minotaur Fighter on Aug 11, 2019.
             Slain by Grinder (4 damage)
             ... on level 3 of the Dungeon.
             The game lasted 00:03:05 (1231 turns).

Peloso the Covered (Minotaur Fighter)               Turns: 1231, Time: 00:03:06

Health: 0/48       AC:  7    Str: 21    XL:     5   Next: 78%
Magic:  4/4        EV:  8    Int:  5    God:
Gold:   122        SH:  9    Dex: 10    Spells: 4/4 levels left

rFire    . . .     SeeInvis .   a - +0 long sword
rCold    . . .     Gourm    .   c - +0 shield
rNeg     . . .     Faith    .   b - +0 scale mail
rPois    .         Spirit   .   (helmet restricted)
rElec    .         Reflect  .   (no cloak)
rCorr    .         Harm     .   (no gloves)
MR       .....                  (no boots)
Stlth    ..........             (no amulet)
HPRegen  0.16/turn              (no ring)
MPRegen  0.09/turn              (no ring)

@: no status effects
A: retaliatory headbutt, horns 2
a: no special abilities


You were on level 3 of the Dungeon.
You were not hungry.

You visited 1 branch of the dungeon, and saw 3 of its levels.

You collected 122 gold pieces.

Inventory:

Hand Weapons
 a - a +0 long sword (weapon)
Armour
 b - a +0 scale mail (worn)
 c - a +0 shield (worn)
Wands
 o - a wand of flame (11)
Scrolls
 k - a scroll of amnesia {unknown}
 m - a scroll of fog {unknown}
 n - 4 scrolls of remove curse {unknown}
 r - a scroll of magic mapping {unknown}
Potions
 d - a potion of might
 e - 2 potions of heal wounds
 g - a potion of ambrosia
 h - a potion of haste
 i - 2 potions of lignification {unknown}
 j - a potion of magic {unknown}
 l - a potion of brilliance {unknown}
 p - a potion of degeneration {unknown}
 q - 2 potions of curing {unknown}
 s - a potion of agility {unknown}
Comestibles
 f - 2 rations
 t - 6 chunks of flesh


   Skills:
 + Level 5.0 Fighting
 + Level 4.2 Long Blades
 + Level 5.1 Armour
 + Level 0.9 Dodging
 + Level 4.6 Shields


You had 4 spell levels left.
You didn't know any spells.
Your spell library was empty.

Dungeon Overview and Level Annotations

Branches:
Dungeon (3/15)

Altars:
Xom

Annotations:
D:3 Grinder


Innate Abilities, Weirdness & Mutations

You reflexively headbutt those who attack you in melee.
You have a pair of horns on your head.


Message History

Grinder hits you!
You writhe in agony.
You hit Grinder.
Grinder is lightly wounded.
Grinder hits you.
You writhe in agony.
You hit Grinder but do no damage. Your headbutt misses Grinder.
Grinder is lightly wounded.
Grinder gestures at you. You resist with significant effort.
You barely miss Grinder.
Grinder is lightly wounded.
Grinder hits you!
You writhe in agony.
* * * LOW HITPOINT WARNING * * *
You hit Grinder but do no damage.
Grinder is lightly wounded.
Grinder hits you.
* * * LOW HITPOINT WARNING * * *
Grinder hits you.
* * * LOW HITPOINT WARNING * * *
You writhe in agony.
You die...

#..###.# #########
....#.#########........
# >...........)'........
#....#.#.....)##†.......
#..#.#.#.##...##........
#.(......##..†##........
#............+.(.......
#.#.##.#...##...#####
#..@5....##...#
######...# ...# #...#
#...# ...... .....5
....... .......


You could see Grinder.

Vanquished Creatures
  An orc wizard (D:3)
  Terence (D:2)
  Natasha (thrice) (D:2)
  Robin (D:2)
  4 adders
  2 dart slugs
  2 leopard geckos
  4 orcs (D:3)
  3 giant cockroaches
  12 goblins
  6 hobgoblins (D:2)
  A kobold (D:2)
  A ball python (D:2)
  2 bats
  A frilled lizard (D:2)
  13 rats
57 creatures vanquished.

Notes
Turn   | Place    | Note
-------+----------+-------------------------------------------
     0 | D:1      | Peloso the Minotaur Fighter began the quest for the Orb.
     0 | D:1      | Reached XP level 1. HP: 19/19 MP: 0/0
   134 | D:1      | Reached XP level 2. HP: 27/27 MP: 1/1
   378 | D:2      | Noticed Robin
   390 | D:2      | Reached XP level 3. HP: 32/33 MP: 2/2
   391 | D:2      | Noticed Terence
   403 | D:2      | Killed Terence
   414 | D:2      | Killed Robin
   414 | D:2      | Reached XP level 4. HP: 14/41 MP: 3/3
   468 | D:2      | Noticed Natasha
   472 | D:2      | Killed Natasha
   515 | D:2      | Noticed Natasha
   525 | D:2      | Killed Natasha
   602 | D:2      | Reached XP level 5. HP: 23/47 MP: 4/4
   800 | D:2      | Noticed Natasha
   807 | D:2      | Killed Natasha
  1052 | D:2      | Found a shimmering altar of Xom.
  1133 | D:3      | Reached skill level 5 in Armour
  1206 | D:3      | Reached skill level 5 in Fighting
  1217 | D:3      | Noticed Grinder
  1217 | D:3      | Paralysed by Grinder for 2 turns
  1231 | D:3      | Slain by Grinder

Levels and vault maps discovered:
D:1:      dpeg_arrival_windows_large_door, layout_rooms
D:2:      kennysheep_six_static_rooms, layout_basic, lemuel_doored_altar,
          uniq_terence, uniq_robin, uniq_natasha
D:3:      layout_basic, lemuel_crystal_altar, portal_sewer_entry_f, uniq_grinder

Skill      XL: |  1  2  3  4  5 |
---------------+----------------+-----
Fighting       | 4 5 |  5.0
Armour         | 4 5 |  5.1
Shields        | 4 |  4.6
Long Blades    | 3 4 |  4.2
Dodging        | |  0.9

Action                   |  1- 3 |  4- 6 || total
-------------------------+-------+-------++-------
Melee: Long sword        |    42 |    64 ||   106
       Headbutt          |     8 |    14 ||    22
  Use: Scroll            |     2 |     1 ||     3
  Eat: Chunk             |       |     1 ||     1
Armor: Scale mail        |    19 |    25 ||    44
Dodge: Dodged            |    15 |    16 ||    31
Block: Shield            |    28 |    31 ||    59
       Rpst.: Long sword |     5 |     6 ||    11

Table legend:
 A = Non-vault XP
 B = Vault XP
 C = Vault XP percentage of total XP
 D = Non-vault monster count
 E = Vault monster count
 F = Vault count percentage of total count
                 A         B        C        D         E       F
            +---------+---------+-------+---------+---------+-------
      Total |     222 |     118 |  34.7 |      38 |      19 |  33.3
            +---------+---------+-------+---------+---------+-------
        D:1 |      16 |       0 |   0.0 |       8 |       0 |   0.0
        D:2 |     131 |     118 |  47.4 |      17 |      19 |  52.8
        D:3 |      75 |       0 |   0.0 |      13 |       0 |   0.0
            +---------+---------+-------+---------+---------+-------
